 Dungeon Crawl Stone Soup version 0.18.1-50-g88ac8fd (webtiles) character file.

323389 Peloso the Hoplite (level 20, -10/189 HPs)
             Began as a Minotaur Fighter on Oct 6, 2016.
             Was the Champion of Okawaru.
             Mangled by an ettin
             ... wielding a +0 great mace
              (45 damage)
             ... while paralysed by a giant eyeball
             ... on level 2 of the Vaults on Oct 7, 2016.
             The game lasted 02:59:33 (49560 turns).

Peloso the Hoplite (Minotaur Fighter)              Turns: 49560, Time: 02:59:34

Health: -10/189    AC: 37    Str: 31    XL:     20   Next: 69%
Magic:  0/21       EV:  2    Int:  9    God:    Okawaru [******]
Gold:   2276       SH:  0    Dex: 18    Spells: 0 memorised, 19 levels left

rFire  + . .     SeeInvis +     d - +9 double sword (slice)
rCold  + . .     Gourm    .     R - +1 crystal plate armour of the Morning Star {Int+4 SInv}
rNeg   + . .     Faith    .     B - +6 large shield "Iticig" {MR+}
rPois  +         Spirit   +     M - +1 hat {Spirit}
rElec  +         Dismiss  .     U - +0 cloak "Qilion" {rC+ MR++ Dex+5}
rCorr  .         Reflect  .     h - +0 pair of gloves
SustAt .         Harm     .     q - +1 pair of boots of Apathy {rPois}
MR     ++++.                    e - amulet of Rekyint {Spirit rElec rN+ Str+4}
Stlth  ..........               z - +5 ring of protection
                                g - ring of protection from fire

@: paralysed, drained, incredibly resistant to hostile enchantments, extremely
unstealthy
A: retaliatory headbutt, horns 2
a: Heroism, Finesse, Renounce Religion
}: 2/15 runes: decaying, serpentine


You were on level 2 of the Vaults.
You worshipped Okawaru.
Okawaru was exalted by your worship.
You were not hungry.

You visited 8 branches of the dungeon, and saw 39 of its levels.
You also visited: Labyrinth, Bailey and Ice Cave.

You collected 4635 gold pieces.
You spent 2359 gold pieces at shops.

Inventory:

Hand Weapons
 d - a +9 double sword of slicing (weapon)
 w - a +1 demon blade of flaming
 F - the +6 double sword of Dust {slice, rC+ SInv Stlth+}
   (Okawaru gifted it to you on level 1 of the Vaults)

   It inflicts extra damage upon your enemies.
   It protects you from cold.
   It lets you see invisible.
   It makes you more stealthy.
 I - the +10 falchion of Ifagh {slice, MR+ Stlth+}
   (You bought it in a shop on level 11 of the Dungeon)

   It inflicts extra damage upon your enemies.
   It affects your resistance to hostile enchantments.
   It makes you more stealthy.
Armour
 h - a +0 pair of gloves (worn)
 q - the +1 pair of boots of Apathy (worn) {rPois}
   (Okawaru gifted it to you on level 4 of the Snake Pit)

   It protects you from poison.
 B - the +6 large shield "Iticig" (worn) {MR+}
   (Okawaru gifted it to you on level 4 of the Lair of Beasts)

   It affects your resistance to hostile enchantments.
 M - a +1 hat of spirit shield (worn)
 R - the +1 crystal plate armour of the Morning Star (worn) {Int+4 SInv}
   (You acquired it on level 14 of the Dungeon)

   It affects your intelligence (+4).
   It lets you see invisible.
 U - the +0 cloak "Qilion" (worn) {rC+ MR++ Dex+5}
   (You bought it in a shop on level 2 of the Orcish Mines)

   It affects your dexterity (+5).
   It protects you from cold.
   It affects your resistance to hostile enchantments.
Jewellery
 e - the amulet of Rekyint (around neck) {Spirit rElec rN+ Str+4}
   (You took it off a deep elf mage on level 3 of the Elven Halls)

   [amulet of guardian spirit]

   It causes incoming damage to be split between your health and magic.
   It affects your strength (+4).
   It insulates you from electricity.
   It protects you from negative energy.
 g - a ring of protection from fire (left hand)
 k - an uncursed ring of flight
 z - a +5 ring of protection (right hand)
 C - an uncursed ring of stealth
 J - a +4 amulet of reflection
 L - a +3 ring of slaying
 Q - an uncursed amulet of the gourmand
Wands
 b - a wand of digging (12/24)
 j - a wand of flame (31/48)
 v - a wand of heal wounds (3/9)
 x - a wand of iceblast (11/15)
 H - a wand of disintegration (5/24)
 K - a wand of teleportation (5/9)
 O - a wand of teleportation (6/9)
Scrolls
 a - 5 scrolls of blinking
 c - 9 scrolls of recharging
 p - 6 scrolls of identify
 y - 12 scrolls of remove curse
 D - a scroll of holy word
 N - 3 scrolls of fear
 W - 12 scrolls of teleportation
 Y - 7 scrolls of magic mapping
Potions
 i - 4 potions of berserk rage
 l - 4 potions of might
 o - 2 potions of agility
 r - 12 potions of curing
 s - 2 potions of invisibility
 t - a potion of cure mutation
 u - 5 potions of flight
 A - 2 potions of resistance
 X - 8 potions of haste
Books
 G - a book of Air

   Spells                             Type                      Level
   a - Shock                          Conjuration/Air              1
   b - Swiftness                      Charms/Air                   2
   c - Repel Missiles                 Charms/Air                   2
   d - Static Discharge               Conjuration/Air              3
   e - Lightning Bolt                 Conjuration/Air              5
Comestibles
 f - 15 bread rations
 m - 9 slices of pizza
 n - 20 meat rations
 E - 31 fruits


   Skills:
 + Level 18.8(18.4) Fighting
 + Level 22.7(22.3) Long Blades
 + Level 1.7(1.4) Throwing
 + Level 16.1(15.7) Armour
 + Level 7.3(7.0) Dodging
 + Level 2.3(2.0) Stealth
 + Level 24.6(24.2) Shields
 + Level 3.1(2.8) Invocations
 + Level 0.8(0.6) Evocations


You had 19 spell levels left.
You didn't know any spells.

Dungeon Overview and Level Annotations

Branches:
Dungeon (15/15)            Temple (1/1) D:5            Lair (8/8) D:8
  Swamp (4/4) Lair:3        Snake (4/4) Lair:5        Slime (0/6) Lair:6
    Orc (2/2) D:10            Elf (3/3) Orc:2        Vaults (2/5) D:13
 Depths (0/5) D:15
  Crypt: Vaults:2-3

Altars:
Ashenzari
Cheibriados
Dithmenos
Elyvilon
Fedhas
Gozag
Kikubaaqudgha
Makhleb
Nemelex Xobeh
Okawaru
Pakellas
Qazlal
Ru
Sif Muna
Trog
Vehumet
Xom
Yredelemnul
Zin
The Shining One
Beogh

Shops:
D:7 *   D:11 (   D:14 ?   Orc:2 [:((}   Elf:1 (   Elf:2 ?

Portals:
Trove: D:11 (give potion of experience)


Innate Abilities, Weirdness & Mutations

You reflexively headbutt those who attack you in melee.
You have a pair of horns on your head.


Message History

The griffon pecks you but does no damage.
The griffon claws you but does no damage.
The ironbrand convoker hits you with a flail.
The deep elf archer shoots an arrow.
The arrow hits you. The ettin hits you with a great mace!!!
The ettin hits you with a dire flail of draining!!
You partially resist.
You feel drained.
* * * LOW HITPOINT WARNING * * *
The deep elf knight hits you with a long sword!
* * * LOW HITPOINT WARNING * * *
You hear a shout! x2
An ironheart preserver comes into view. It is wielding a great mace.
The deep elf knight hits you but does no damage.
The griffon barely misses you. The griffon pecks you.
* * * LOW HITPOINT WARNING * * *
The griffon claws you but does no damage.
The deep elf archer shoots an arrow.
The arrow hits you.
* * * LOW HITPOINT WARNING * * *
The ettin hits you with a great mace!!!
You die...

#..# #..# #++#
#).# #).# #..#
#####''#####
#...eH.....#
#...@ee....#
#..epCW....#
.p.....GT........
................e
.................
.................
#################


You could see an ironheart preserver, a griffon, an ettin, a deep elf sorcerer,
a deep troll, a deep elf archer, a deep elf knight, an ironbrand convoker, a
freezing wraith, a deep elf mage and a giant eyeball.

Vanquished Creatures
  Vashnia (Snake:2)
  Saint Roka (Snake:3)
  Jorgrun (Vaults:1)
  3 deep elf blademasters
  A deep elf master archer (Elf:3)
  An acid blob (Lair:6)
  Agnes (D:15)
  11 greater nagas
  2 thorn hunters (Swamp:2)
  Roxanne (D:15)
  A frost giant (D:15)
  3 deep elf sorcerers
  An azure jelly (Swamp:4)
  5 vault wardens
  Aizul (Snake:1)
  4 ironheart preservers
  A deep elf elementalist (Elf:3)
  A stone giant (Vaults:2)
  The ghost of snus the Grappler, a journeyman TrMo of Trog (D:12)
  4 deep elf demonologists (Elf:3)
  6 deep elf annihilators
  Azrael (Elf:2)
  4 deep elf death magi (Elf:3)
  Josephine (D:10)
  A minotaur (Lab)
  2 fire dragons
  19 vault guards
  3 yaktaur captains
  3 deep elf high priests (Elf:3)
  4 ice dragons
  A great orb of eyes (Vaults:1)
  13 naga warriors
  21 hydras
  A rakshasa (Vaults:2)
  9 anacondas
  An ogre mage (D:15)
  5 centaur warriors
  A death knight (Vaults:2)
  29 dancing weapons
  3 death yaks
  A tengu warrior (D:13)
  4 orc high priests
  A deep troll earth mage (Vaults:2)
  4 alligators
  16 deep elf knights
  4 spriggans
  9 shock serpents
  Nergalle (D:11)
  24 naga sharpshooters
  Sonja (D:14)
  3 salamander mystics (Snake:4)
  2 wizards
  A skeletal warrior (Vaults:1)
  4 unseen horrors
  A flayed ghost (Vaults:2)
  A shadow wraith (Vaults:1)
  4 deep trolls (Vaults:2)
  14 deep elf archers
  A giant orange brain (Vaults:2)
  4 shambling mangroves
  2 spriggan druids
  5 ironbrand convokers
  5 hill giants
  7 naga ritualists
  5 harpies (Vaults:2)
  3 lindwurms
  2 necromancers
  3 wolf spiders
  12 orc knights
  4 ugly things (D:15)
  2 oklob plants (Lair:6)
  4 orc sorcerers (Orc:2)
  7 hornets
  2 griffons
  62 deep elf magi
  9 mana vipers
  3 salamanders
  6 cyclopes
  3 manticores
  6 guardian serpents
  A guardian serpent (shapeshifter) (Vaults:1)
  2 ice statues (IceCv)
  23 black mambas
  15 naga magi
  18 spiny frogs
  Psyche (D:10)
  A gargoyle (D:12)
  6 vault sentinels
  8 torpor snails
  13 komodo dragons
  7 yaktaurs
  2 kobold demonologists
  An efreet (D:15)
  5 freezing wraiths
  A rime drake (Lair:8)
  A redback zombie (D:15)
  10 ice devils (IceCv)
  11 trolls
  15 blink frogs
  12 giant leeches
  4 polar bears
  5 two-headed ogres
  A blink frog (shapeshifter) (Vaults:1)
  8 bog bodies
  50 slime creatures
  2 air elementals
  2 tarantellas (shapeshifter)
  A vampire (D:13)
  6 wraiths
  A shadow (D:11)
  2 wyverns
  3 water elementals
  63 yaks
  4 fire elementals
  7 hippogriffs
  6 hungry ghosts
  4 basilisks
  24 vampire mosquitoes
  5 mottled dragons
  A human simulacrum (Vaults:2)
  5 swamp worm simulacra (Swamp:4)
  20 swamp worms
  14 insubstantial wisps
  4 wargs
  71 nagas
  22 water moccasins
  13 hydra simulacra (Swamp:4)
  14 porcupines
  2 hell hounds (Elf:2)
  36 orc warriors
  7 wasps
  8 ice beasts
  A necrophage (D:5)
  18 ogres
  9 swamp drakes
  2 black bears
  A phantom (D:13)
  7 eyes of draining
  A boggart (Elf:1)
  6 sky beasts
  23 wolves
  21 centaurs
  15 crocodiles
  5 big kobolds
  28 giant frogs
  5 earth elementals
  6 scorpions
  A water moccasin skeleton (D:5)
  16 killer bees
  8 wights
  An electric eel (Lair:1)
  6 howler monkeys
  A lava snake (Snake:1)
  5 centaur zombies
  10 crimson imps
  2 draconian simulacra (IceCv)
  A giant frog zombie (D:5)
  5 hounds
  19 orc priests
  4 centaur skeletons
  A gnoll shaman (D:6)
  4 jellies
  27 orc wizards
  2 giant frog skeletons
  Natasha (twice) (D:3)
  12 iguanas
  3 polar bear simulacra (Lair:3)
  10 worker ants
  60 sheep
  5 troll simulacra (IceCv)
  2 yak simulacra (Lair:3)
  3 wolf simulacra (Lair:3)
  A killer bee zombie (D:10)
  3 centaur simulacra (IceCv)
  A hound zombie (D:5)
  A howler monkey zombie (D:9)
  13 gnolls
  A howler monkey skeleton (D:7)
  6 adders
  51 river rats
  2 shadow imps
  An ooze (D:2)
  3 swamp drake simulacra (Swamp:4)
  An adder skeleton (D:6)
  2 adder zombies
  20 worms
  A dart slug (D:1)
  4 giant geckos
  104 orcs
  A ball python (D:2)
  3 giant cockroaches
  3 goblins
  8 hobgoblins
  9 jackals
  30 kobolds
  2 quokkas
  17 bats
  A giant gecko skeleton (D:6)
  7 giant newts
  A quokka skeleton (D:4)
  11 rats
  3 river rat simulacra (Lair:3)
  4 briar patches (Swamp:2)
  2 crawling corpses (Elf:3)
  A fungus (Lair:7)
  10 plants
1679 creatures vanquished.

Vanquished Creatures (others)
  A deep elf master archer (Elf:3)
  A sphinx (D:9)
  Nessos (Lair:8)
  An ice dragon (Swamp:4)
  A hydra (Swamp:4)
  A deep elf knight (Elf:2)
  5 deep elf archers
  A spiny frog (Swamp:4)
  A naga (Snake:4)
  An orc warrior (Snake:3)
  2 river rats (Lair:8)
  21 fungi
  11 plants (Lair:8)
  8 toadstools (Swamp:2)
56 creatures vanquished.

Grand Total: 1735 creatures vanquished

Notes
Turn   | Place    | Note
--------------------------------------------------------------
     0 | D:1      | Peloso the Minotaur Fighter began the quest for the Orb.
     0 | D:1      | Reached XP level 1. HP: 19/19 MP: 0/0
   271 | D:1      | Reached XP level 2. HP: 27/27 MP: 1/1
   675 | D:2      | Reached skill level 4 in Shields
   702 | D:2      | Reached XP level 3. HP: 14/33 MP: 2/2
  1062 | D:2      | Reached skill level 1 in Dodging
  1246 | D:3      | Reached XP level 4. HP: 40/41 MP: 3/3
  1461 | D:3      | Noticed Natasha
  1466 | D:3      | Killed Natasha
  1658 | D:3      | Noticed Natasha
  1673 | D:3      | Killed Natasha
  1731 | D:4      | Reached XP level 5. HP: 46/47 MP: 4/4
  2327 | D:4      | Reached XP level 6. HP: 55/55 MP: 5/5
  2336 | D:4      | Reached skill level 5 in Shields
  2345 | D:4      | Reached skill level 5 in Fighting
  2567 | D:4      | Reached skill level 5 in Armour
  2659 | D:5      | Entered Level 5 of the Dungeon
  2732 | D:5      | Noticed an ice beast
  2745 | D:5      | Killed an ice beast
  2745 | D:5      | Reached XP level 7. HP: 61/61 MP: 6/6
  2800 | D:5      | Found a staircase to the Ecumenical Temple.
  2810 | Temple   | Entered the Ecumenical Temple
  3041 | D:5      | Reached skill level 5 in Long Blades
  3050 | D:5      | Reached skill level 6 in Shields
  3123 | D:5      | Reached XP level 8. HP: 41/70 MP: 7/7
  3611 | D:5      | Reached skill level 7 in Shields
  4043 | D:6      | Found a blossoming altar of Fedhas.
  4529 | D:6      | Found a white marble altar of Elyvilon.
  4625 | D:6      | Reached skill level 8 in Shields
  4795 | D:7      | Reached XP level 9. HP: 68/79 MP: 8/8
  4833 | D:7      | Found Juog's General Store.
  5522 | D:7      | Reached skill level 9 in Shields
  6209 | D:8      | Reached XP level 10. HP: 58/88 MP: 9/9
  6239 | D:8      | Found a staircase to the Lair.
  6285 | Lair:1   | Entered Level 1 of the Lair of Beasts
  6343 | Lair:1   | Reached skill level 10 in Shields
  6901 | D:8      | Reached skill level 5 in Dodging
  6941 | D:8      | Noticed a two-headed hydra
  6945 | D:8      | Killed a one-headed hydra
  7531 | D:9      | Reached skill level 10 in Long Blades
  7615 | D:9      | Found an iron altar of Okawaru.
  7616 | D:9      | Found a sparkling altar of Nemelex Xobeh.
  7620 | D:9      | Became a worshipper of Warmaster Okawaru
  7697 | D:9      | Reached skill level 11 in Shields
  7738 | D:9      | Found a flagged portal.
  7793 | Bailey   | Entered a bailey
  8071 | Bailey   | Reached * piety under Okawaru
  8073 | Bailey   | Found a burning altar of Makhleb.
  8324 | D:9      | Found an oddly glowing altar of Pakellas.
  8325 | D:9      | Noticed a sphinx
  8336 | D:9      | Killed a sphinx
  8477 | D:10     | Entered Level 10 of the Dungeon
  8488 | D:9      | Reached skill level 1 in Throwing
  8556 | D:10     | Reached XP level 11. HP: 97/97 MP: 10/10
  8684 | D:10     | Reached skill level 1 in Stealth
  8908 | D:10     | Reached ** piety under Okawaru
  9071 | D:10     | Noticed a hill giant
  9090 | D:10     | Killed a hill giant
  9294 | D:10     | Found a roughly hewn altar of Beogh.
  9294 | D:10     | Found a staircase to the Orcish Mines.
  9621 | D:11     | Noticed Psyche
  9625 | D:11     | Noticed Josephine
  9632 | D:10     | Killed Psyche
  9632 | D:10     | Reached skill level 10 in Armour
  9732 | D:10     | Killed Josephine
  9732 | D:10     | Reached *** piety under Okawaru
  9732 | D:10     | Reached skill level 12 in Shields
  9865 | D:10     | Reached skill level 10 in Fighting
 10085 | D:11     | Reached **** piety under Okawaru
 10194 | D:11     | Found a portal to a secret trove of treasure.
 10256 | D:11     | Noticed a hill giant
 10264 | D:11     | Killed a hill giant
 10268 | D:11     | Found Luemn's Weapon Emporium.
 10546 | D:11     | Reached XP level 12. HP: 88/108 MP: 11/11
 10567 | D:11     | Reached ***** piety under Okawaru
 10690 | D:11     | Noticed Nergalle
 10716 | D:11     | Killed Nergalle
 10731 | D:11     | Reached skill level 13 in Shields
 11180 | Orc:1    | Entered Level 1 of the Orcish Mines
 11289 | Orc:2    | Entered Level 2 of the Orcish Mines
 11482 | Orc:2    | Found Dimur's Armour Boutique.
 11497 | Orc:2    | Bought the +0 cloak "Qilion" {rC+ MR++ Dex+5} for 561 gold pieces
 11647 | Orc:1    | Reached skill level 1 in Invocations
 12199 | Orc:2    | Found a staircase to the Elven Halls.
 12232 | Orc:1    | Noticed an orc high priest
 12583 | Orc:1    | Killed an orc high priest
 12966 | Orc:2    | Noticed an orc high priest
 12976 | Orc:2    | Received a gift from Okawaru
 12977 | Orc:2    | Found Efaudgh's Book Shop.
 13017 | Orc:2    | Killed an orc high priest
 13017 | Orc:2    | Reached skill level 14 in Shields
 13050 | Orc:2    | Noticed an orc high priest
 13070 | Orc:2    | Killed an orc high priest
 13097 | Orc:2    | Reached XP level 13. HP: 30/117 MP: 10/13
 13148 | Orc:2    | Received a gift from Okawaru
 13620 | Orc:2    | Found Mesemeiw's Gadget Emporium.
 13622 | Orc:2    | Found Sanuny's Antique Weapon Emporium.
 13622 | Orc:2    | Found Takeitto's Antique Weapon Shop.
 15091 | Lair:2   | Reached skill level 15 in Shields
 15308 | Lair:2   | Received a gift from Okawaru
 15787 | Lair:2   | Reached ****** piety under Okawaru
 15983 | Lair:3   | Found a staircase to the Swamp.
 17069 | Lair:4   | Received a gift from Okawaru
 17242 | Lair:4   | Received a gift from Okawaru
 17245 | Lair:4   | Got a translucent large shield {god gift}
 17256 | Lair:4   | Identified the +6 large shield "Iticig" {MR+} (Okawaru gifted it to you on level 4 of the Lair of Beasts)
 17850 | Lair:5   | Reached XP level 14. HP: 127/127 MP: 14/14
 17931 | Lair:5   | Reached skill level 16 in Shields
 17963 | Lair:5   | Found a staircase to the Snake Pit.
 19023 | D:11     | Bought the +10 falchion of Ifagh {slice, MR+ Stlth+} for 1048 gold pieces
 19601 | Lair:6   | Found a frozen archway.
 19948 | IceCv    | Entered an ice cave
 20466 | IceCv    | Reached skill level 15 in Long Blades
 21111 | Lair:6   | Reached skill level 17 in Shields
 21457 | Lair:7   | Received a gift from Okawaru
 22402 | Lair:8   | Entered Level 8 of the Lair of Beasts
 22639 | Lair:8   | Noticed Nessos
 22661 | Lair:8   | Killed Nessos
 23039 | Lair:8   | Found a runed door.
 23249 | Lair:8   | Received a gift from Okawaru
 23252 | Lair:8   | Got a dazzling large shield {god gift}
 23705 | Lair:8   | Identified the +1 large shield "Fiycen" {+Fly rF+ rC-} (Okawaru gifted it to you on level 8 of the Lair of Beasts)
 23897 | Lair:8   | Reached XP level 15. HP: 137/137 MP: 15/15
 25053 | D:12     | Reached skill level 18 in Shields
 25144 | D:12     | Noticed snus's ghost (journeyman TrMo)
 25152 | D:12     | Killed snus's ghost
 25297 | D:12     | Found a glowing silver altar of Zin.
 25842 | D:13     | Found a labyrinth entrance.
 25848 | Lab      | Entered a labyrinth
 25900 | Lab      | Got a translucent trident
 26114 | Lab      | Identified Dicry's Incunabulum of the Torrid Birds
 26115 | Lab      | Got a faintly glowing whip
 26115 | Lab      | Got a polished dagger
 26205 | D:13     | Found a gate to the Vaults.
 26259 | D:13     | Received a gift from Okawaru
 26490 | D:13     | Identified the +9 dagger of the Omega Point {holy, +Inv rPois rN+ Dex+4} (You found it in a labyrinth)
 26493 | D:13     | Identified the cursed +1 trident "Deennua" {drain, *Corrode +Rage Str+3} (You found it in a labyrinth)
 26497 | D:13     | Identified the +5 whip "Jutyecou" {speed, *Rage rN+ MR++ Stlth+} (You found it in a labyrinth)
 27022 | D:13     | Found a deep blue altar of Sif Muna.
 27365 | D:14     | Received a gift from Okawaru
 27426 | D:14     | Noticed Sonja
 27436 | D:14     | Killed Sonja
 27445 | D:14     | Found a sacrificial altar of Ru.
 27571 | D:14     | Found Ruchi's Magic Scroll Shop.
 27580 | D:14     | Bought a scroll of enchant armour for 90 gold pieces
 27580 | D:14     | Bought a scroll of acquirement for 624 gold pieces
 27673 | D:14     | Got a dazzling crystal plate armour
 27684 | D:14     | Identified the +1 crystal plate armour of the Morning Star {Int+4 SInv} (You acquired it on level 14 of the Dungeon)
 27848 | D:15     | Entered Level 15 of the Dungeon
 27855 | D:15     | Received a gift from Okawaru
 27981 | D:15     | Noticed Agnes
 27990 | D:15     | Killed Agnes
 27990 | D:15     | Reached skill level 19 in Shields
 28054 | D:15     | Reached XP level 16. HP: 143/147 MP: 17/17
 28364 | D:15     | Noticed Roxanne
 28397 | D:15     | Killed Roxanne
 28462 | D:15     | Received a gift from Okawaru
 28468 | D:15     | Found a staircase to the Depths.
 28986 | Elf:1    | Entered Level 1 of the Elven Halls
 29005 | Elf:1    | Found Cuecungi's Antique Weapon Shoppe.
 29123 | Elf:1    | Reached skill level 15 in Fighting
 29515 | Elf:1    | Received a gift from Okawaru
 30044 | Elf:2    | Noticed Azrael
 30063 | Elf:2    | Found Heijag's Magic Scroll Shop.
 30067 | Elf:2    | Killed Azrael
 30089 | Elf:2    | Bought a scroll of identify for 36 gold pieces
 30584 | Elf:2    | Reached skill level 20 in Shields
 30697 | Elf:2    | Found a huge runed gate.
 30697 | Elf:2    | Found a huge runed gate.
 30697 | Elf:2    | Found a huge runed gate.
 30700 | Elf:2    | Found a huge runed gate.
 30707 | Elf:2    | Found a huge runed gate.
 31035 | Elf:2    | Received a gift from Okawaru
 31191 | Elf:2    | Reached XP level 17. HP: 156/156 MP: 18/18
 31263 | Elf:2    | Noticed a deep elf blademaster
 31274 | Elf:2    | Killed a deep elf blademaster
 31558 | Elf:3    | Entered Level 3 of the Elven Halls
 32338 | Elf:3    | Noticed a deep elf blademaster
 32342 | Elf:3    | Noticed a Tzitzimitl
 32346 | Elf:3    | Noticed a Brimstone Fiend
 33094 | Elf:3    | Noticed a Hell Sentinel
 33112 | Elf:3    | Noticed an Ice Fiend
 33143 | Elf:3    | Noticed a Brimstone Fiend
 33174 | Elf:3    | Noticed a deep elf master archer
 33177 | Elf:3    | Killed a deep elf master archer
 33185 | Elf:3    | Got a brightly glowing copper ring
 33186 | Elf:3    | Got an ancient scimitar {drain}
 33187 | Elf:3    | Identified the cursed +3 scimitar of Ilaylatz {drain, Str+6 Int-2} (You took it off a deep elf death mage on level 3 of the Elven Halls)
 33194 | Elf:3    | Identified the ring "Ufoif" {rF+ rC+ Dex-5 Stlth-} (You took it off a deep elf death mage on level 3 of the Elven Halls)
 33355 | Elf:3    | Killed a deep elf blademaster
 33579 | Elf:3    | Received a gift from Okawaru
 33583 | Elf:3    | Reached skill level 21 in Shields
 34064 | Elf:3    | Noticed a deep elf blademaster
 34065 | Elf:3    | Noticed a deep elf master archer
 34072 | Elf:3    | Killed a deep elf master archer
 34089 | Elf:3    | Killed a deep elf blademaster
 34876 | Elf:3    | Got a scintillating iron amulet
 34883 | Elf:3    | Identified the amulet of Rekyint {Spirit rElec rN+ Str+4} (You took it off a deep elf mage on level 3 of the Elven Halls)
 35040 | Elf:3    | Identified the Disquisition on Contamination
 35090 | Elf:3    | Reached XP level 18. HP: 168/168 MP: 19/19
 35134 | Elf:3    | Identified the Papyrus of Fire and Transmigration (You found it on level 3 of the Elven Halls)
 35680 | Swamp:1  | Entered Level 1 of the Swamp
 35858 | Swamp:1  | Received a gift from Okawaru
 37317 | Swamp:3  | Received a gift from Okawaru
 37969 | Swamp:4  | Entered Level 4 of the Swamp
 38474 | Swamp:4  | Reached skill level 15 in Armour
 39055 | Swamp:4  | Reached skill level 22 in Shields
 39187 | Swamp:4  | Got a decaying rune of Zot
 39802 | Lair:6   | Found a staircase to the Slime Pits.
 40812 | Snake:1  | Entered Level 1 of the Snake Pit
 41699 | Snake:1  | Noticed Aizul
 41710 | Snake:1  | Killed Aizul
 42538 | Snake:2  | Noticed Vashnia
 42547 | Snake:2  | Received a gift from Okawaru
 42823 | Snake:2  | Killed Vashnia
 42825 | Snake:2  | Reached XP level 19. HP: 93/177 MP: 11/20
 43889 | Snake:3  | Noticed Saint Roka
 44314 | Snake:3  | Killed Saint Roka
 44314 | Snake:3  | Received a gift from Okawaru
 45019 | Snake:4  | Entered Level 4 of the Snake Pit
 45152 | Snake:4  | Reached skill level 23 in Shields
 45736 | Snake:4  | Received a gift from Okawaru
 45776 | Snake:4  | Got a pair of faintly glowing boots {god gift}
 46116 | Snake:4  | Identified the +1 pair of boots of Apathy {rPois} (Okawaru gifted it to you on level 4 of the Snake Pit)
 46984 | Snake:4  | Reached XP level 20. HP: 187/187 MP: 21/21
 47001 | Snake:4  | Got a serpentine rune of Zot
 47428 | Vaults:1 | Entered Level 1 of the Vaults
 47523 | Vaults:1 | Noticed Jorgrun
 47531 | Vaults:1 | Killed Jorgrun
 47705 | Vaults:1 | Reached skill level 24 in Shields
 48125 | Vaults:1 | Received a gift from Okawaru
 48143 | Vaults:1 | Got a transparent double sword {god gift}
 48144 | Vaults:1 | Identified the +6 double sword of Dust {slice, rC+ SInv Stlth+} (Okawaru gifted it to you on level 1 of the Vaults)
 49003 | Vaults:2 | Received a gift from Okawaru
 49543 | Vaults:2 | Paralysed by a giant eyeball for 2 turns
 49554 | Vaults:2 | Received a gift from Okawaru
 49558 | Vaults:2 | Paralysed by a giant eyeball for 2 turns
 49560 | Vaults:2 | Mangled by an ettin

Skill      XL: |  1  2  3  4  5  6  7  8  9 10 11 12 13 14 15 16 17 18 19 20 |
---------------+-------------------------------------------------------------+-----
Fighting       | 4 5 6 7 8 9 10 11 12 13 14 15 16 17 18 | 18.8
Armour         | 4 5 7 8 9 10 11 12 13 14 15 16 | 16.1
Shields        | 4 5 6 8 9 11 12 14 15 17 19 20 21 22 23 24 | 24.6
Dodging        | 1 2 3 4 5 6 7 |  7.3
Long Blades    | 3 4 5 7 8 10 11 13 14 15 17 18 20 21 22 | 22.7
Throwing       | 1 |  1.7
Stealth        | 1 2 |  2.3
Invocations    | 2 3 |  3.1
Evocations     | |  0.8

Action                   |  1- 3 |  4- 6 |  7- 9 | 10-12 | 13-15 | 16-18 | 19-21 || total
-------------------------+-------+-------+-------+-------+-------+-------+-------++-------
Melee: Long sword        |   110 |   100 |   392 |   208 |    60 |       |       ||   870
       Headbutt          |    15 |    14 |    90 |   251 |   483 |   366 |   305 ||  1524
       Falchion          |       |       |       |   810 |   922 |       |    62 ||  1794
       Double sword      |       |       |       |       |   661 |  1355 |   919 ||  2935
       Demon blade       |       |       |       |       |    40 |    14 |       ||    54
Throw: Tomahawk          |       |       |       |    23 |       |       |       ||    23
Invok: Heroism           |       |       |       |    14 |    13 |     5 |     3 ||    35
 Abil: Evoke Flight      |       |       |       |     3 |       |     1 |       ||     4
Evoke: Wand              |       |       |       |       |     4 |     1 |       ||     5
  Use: Potion            |     2 |       |       |     4 |       |     1 |       ||     7
       Scroll            |       |     9 |     4 |     5 |    21 |    13 |     1 ||    53
 Stab: Distracted        |       |       |       |       |     1 |     1 |       ||     2
  Eat: Chunk             |     1 |     5 |    12 |    38 |    76 |    69 |    40 ||   241
       Fruit             |       |       |       |     1 |       |       |     8 ||     9
       Beef jerky        |       |       |       |       |       |     1 |     2 ||     3
       Royal jelly       |       |       |       |       |       |     1 |       ||     1
Armor: Scale mail        |    72 |     5 |       |       |       |       |       ||    77
       Plate armour      |       |    64 |    91 |   351 |   461 |       |       ||   967
       Chain mail        |       |       |    81 |    42 |       |       |       ||   123
       Crystal plate arm |       |       |       |       |    20 |   369 |   325 ||   714
Dodge: Dodged            |    46 |    20 |    94 |   225 |   324 |   153 |   145 ||  1007
Block: Shield            |    54 |    54 |   220 |   712 |   364 |       |       ||  1404
       Reflection        |       |       |       |     6 |     5 |    90 |    10 ||   111
       Large shield      |       |       |       |       |  1414 |  1469 |  1482 ||  4365
